 Dungeon Crawl Stone Soup version 0.19.0-2-gae57169 (webtiles) character file.

480 HandofTrog the Skirmisher (level 6, -6/51 HPs)
             Began as a Demonspawn Gladiator on Nov 4, 2016.
             Killed by nerve-wracking pain
             ... invoked by Menkaure
              (10 damage)
             ... in an ossuary on Nov 5, 2016.
             The game lasted 00:15:22 (3393 turns).

HandofTrog the Skirmisher (Demonspawn Gladiator)    Turns: 3393, Time: 00:15:26

Health: -6/51      AC:  9    Str: 18    XL:     6   Next: 86%
Magic:  6/6        EV: 11    Int:  9    God:
Gold:   157        SH:  0    Dex: 13    Spells: 1 memorised, 3 levels left

rFire  . . .     SeeInvis .     a - +0 long sword
rCold  . . .     Gourm    .     e - +0 ring mail
rNeg   . . .     Faith    .     (no shield)
rPois  .         Spirit   .     c - +0 helmet
rElec  .         Reflect  .     (no cloak)
rCorr  .         Harm     +     (no gloves)
MR     .....                    (no boots)
Stlth  +.........               i - amulet of harm
                                (no ring)
                                (no ring)

@: no status effects
A: talons 2, slimy green scales 2, powered by pain 1
a: no special abilities


You were in an ossuary.
You were not hungry.

You visited 1 branch of the dungeon, and saw 4 of its levels.
You also visited: Ossuary.

You collected 157 gold pieces.

Inventory:

Hand Weapons
 a - a +0 long sword (weapon)
 q - a cursed +0 falchion
Missiles
 d - a throwing net (quivered)
Armour
 b - a +0 leather armour
 c - a +0 helmet (worn)
 e - a +0 ring mail (worn)
Jewellery
 h - a +1 ring of evasion {unknown}
 i - an amulet of harm (around neck)
Scrolls
 j - a scroll of enchant weapon {unknown}
 k - 2 scrolls of amnesia {unknown}
 w - 3 scrolls of teleportation {unknown}
Potions
 g - 2 potions of flight
 l - a potion of heal wounds {unknown}
 p - a potion of magic {unknown}
 s - 2 potions of curing
 u - a potion of might
Books
 n - a book of Minor Magic

   Spells                             Type                      Level
   a - Magic Dart                     Conjuration                  1
   b - Blink                          Translocation                2
   c - Call Imp                       Summoning                    2
   d - Repel Missiles                 Charms/Air                   2
   e - Slow                           Hexes                        2
   f - Conjure Flame                  Conjuration/Fire             3
   g - Mephitic Cloud                 Conjuration/Poison/Air       3
Comestibles
 f - 4 bread rations
 m - 3 meat rations
 o - a slice of pizza
 r - 3 fruits
 t - a beef jerky


   Skills:
 + Level 5.4 Fighting
 - Level 5.3 Long Blades
 - Level 1.7 Throwing
 - Level 2.6 Dodging


You had 3 spell levels left.
You knew the following spells:

 Your Spells              Type           Power        Failure   Level  Hunger
a - Blink                 Tloc           N/A          91%         2    ###....


Dungeon Overview and Level Annotations

Branches:
Dungeon (4/15)
 Temple: D:4-7

Altars:

Annotations:
Ossuary Menkaure


Innate Abilities, Weirdness & Mutations

You have razor-sharp toenails.
You are mostly covered in slimy green scales. (AC +3)
You sometimes gain a little power by taking damage.


Message History

Menkaure casts a spell at you. Pain shoots through your body!
Menkaure struggles against the net.
You slash Menkaure! You claw Menkaure, but do no damage.
Menkaure is almost destroyed.
Menkaure struggles against the net.
The net rips apart, and Menkaure comes free!
You hit Menkaure but do no damage.
Menkaure is almost destroyed.
Menkaure gestures at you while chanting.
You barely resist. You hit Menkaure but do no damage.
You claw Menkaure, but do no damage.
Menkaure is almost destroyed.
Menkaure barely misses you.
You hit Menkaure but do no damage.
Menkaure is almost destroyed.
Menkaure hits you!!
* * * LOW HITPOINT WARNING * * *
Menkaure points at you and mumbles some strange words.
Pain shoots through your body!
You die...

##..##..######..##.
##..##..##....##..##
##..##..##..##..##..#
##.^##..##..####..##..
##..##..##..##!?##..##.
##..##..##..##.M.?##..##
##..##..##..## .!!.M##..#
##..##..##..## ?∩∩?..##..
##..##..##@.## .!!....##.
##..##..##M^## .!?.....##
##..##..##..##############M'#
##..##..##.........MM.........
##..##..#######################
##..##..^^.^....................
##..#############################
#.............^........^.........
#################################


You could see Menkaure.

Vanquished Creatures
  The ghost of motku00 the Cudgeler, a novice DsBe of Trog (Ossuary)
  A bullfrog zombie (D:4)
  2 mummies (Ossuary)
  A howler monkey skeleton (D:4)
  2 adders (D:2)
  3 worms
  4 dart slugs (D:1)
  5 leopard geckos
  An orc (D:3)
  4 bats
  2 giant cockroaches
  3 gnoll zombies (Ossuary)
  2 goblins (D:1)
  9 hobgoblins
  8 jackals
  2 quokkas (D:3)
  2 ball pythons
  3 frilled lizards
  3 gnoll skeletons (Ossuary)
  3 goblin zombies (Ossuary)
  2 hobgoblin skeletons (Ossuary)
  2 hobgoblin zombies (Ossuary)
  9 kobolds
  3 kobold skeletons (Ossuary)
  A kobold zombie (Ossuary)
  3 orc skeletons (Ossuary)
  3 orc zombies (Ossuary)
  6 rats
  3 rat skeletons (Ossuary)
  A rat zombie (Ossuary)
94 creatures vanquished.

Vanquished Creatures (others)
  A mummy (Ossuary)
  2 gnoll skeletons (Ossuary)
  2 gnoll zombies (Ossuary)
  A goblin skeleton (Ossuary)
  4 goblin zombies (Ossuary)
  2 hobgoblin skeletons (Ossuary)
  2 hobgoblin zombies (Ossuary)
  4 kobold skeletons (Ossuary)
  2 kobold zombies (Ossuary)
  An orc skeleton (Ossuary)
  2 orc zombies (Ossuary)
  A rat skeleton (Ossuary)
24 creatures vanquished.

Grand Total: 118 creatures vanquished

Notes
Turn   | Place    | Note
-------+----------+-------------------------------------------
     0 | D:1      | HandofTrog the Demonspawn Gladiator began the quest for the Orb.
     0 | D:1      | Reached XP level 1. HP: 16/16 MP: 1/1
   378 | D:1      | Gained mutation: You have sharp toenails. [demonic ancestry]
   378 | D:1      | Reached XP level 2. HP: 18/22 MP: 2/2
   934 | D:1      | Gained mutation: You have razor-sharp toenails. [demonic ancestry]
   934 | D:1      | Reached XP level 3. HP: 23/27 MP: 3/3
  1403 | D:2      | Found a faded altar of an unknown god.
  1642 | D:2      | Gained mutation: You are partially covered in slimy green scales. (AC +2) [demonic ancestry]
  1642 | D:2      | Reached XP level 4. HP: 20/33 MP: 4/4
  2523 | D:3      | Learned a level 2 spell: Blink
  2540 | D:4      | Reached skill level 5 in Long Blades
  2570 | D:4      | Gained mutation: You sometimes gain a little power by taking damage. [demonic ancestry]
  2570 | D:4      | Reached XP level 5. HP: 32/38 MP: 5/5
  2613 | D:4      | Noticed a phantom
  2790 | D:4      | Found a sand-covered staircase.
  2799 | Ossuary  | Entered an ossuary
  3052 | Ossuary  | Noticed motku00's ghost (novice DsBe)
  3076 | Ossuary  | Killed motku00's ghost
  3076 | Ossuary  | Reached skill level 5 in Fighting
  3076 | Ossuary  | Gained mutation: You are mostly covered in slimy green scales. (AC +3) [demonic ancestry]
  3076 | Ossuary  | Reached XP level 6. HP: 31/51 MP: 6/6
  3342 | Ossuary  | Noticed Menkaure
  3393 | Ossuary  | Killed from afar by Menkaure

Skill      XL: |  1  2  3  4  5 |
---------------+----------------+-----
Long Blades    | 3 4 5 |  5.3
Fighting       | 5 |  5.4
Throwing       | |  1.7
Dodging        | |  2.6

Action                   |  1- 3 |  4- 6 || total
-------------------------+-------+-------++-------
Melee: Long sword        |   108 |   157 ||   265
       Kick              |    21 |    45 ||    66
Throw: Throwing net      |       |     6 ||     6
  Use: Scroll            |       |     5 ||     5
       Potion            |       |     1 ||     1
 Stab: Held in net/web   |       |     1 ||     1
  Eat: Chunk             |     2 |     3 ||     5
       Meat ration       |       |     1 ||     1
Armor: Leather armour    |     5 |       ||     5
       Ring mail         |    35 |    44 ||    79
Dodge: Dodged            |    75 |    80 ||   155
       Rpst.: Long sword |    24 |    21 ||    45
